 Dungeon Crawl Stone Soup version 0.30-a0-374-g95c0257040 (webtiles) character file.

Game seed: 7409552732829701148

35 purpskrrrp the Ducker (level 3, 0/30 HPs)
             Began as a Merfolk Monk on Nov 26, 2022.
             Was a Priest of Dithmenos.
             Constricted to death by a ball python (1 damage)
             ... on level 2 of the Dungeon.
             The game lasted 00:02:08 (955 turns).

purpskrrrp the Ducker (Merfolk Monk)                 Turns: 955, Time: 00:02:09

Health: 0/30       AC:  2    Str: 11    XL:     3   Next: 33%
Magic:  1/1        EV: 11    Int:  9    God:    Dithmenos [***...]
Gold:   67         SH:  0    Dex: 18    Spells: 2/2 levels left

rFire   . . .      SeeInvis .    i - +0 sling (antimagic)
rCold   . . .      Faith    .    (no shield)
rNeg    . . .      Spirit   .    b - +0 robe
rPois   .          Reflect  .    (no helmet)
rElec   .          Harm     .    (no cloak)
rCorr   .          Rampage  .    (no gloves)
Will    .....                    (no boots)
Stlth   +++.......               (no amulet)
HPRegen 0.25/turn                (no ring)
MPRegen 0.07/turn                (no ring)

@: hasted, wreathed by umbra, constricted, invisible, very quick
A: (nimble swimmer 2), mertail
a: Renounce Religion, Shadow Step


You were on level 2 of the Dungeon.
You worshipped Dithmenos.
Dithmenos was most pleased with you.
You visited 1 branch of the dungeon, and saw 2 of its levels.

You collected 67 gold pieces.

Inventory:

Hand Weapons
 a - a +0 falchion
 d - a +0 long sword
 i - a +0 antimagic sling (weapon)
Missiles
 j - 5 javelins
Armour
 b - a +0 robe (worn)
Scrolls
 f - a scroll of identify
Potions
 c - a potion of ambrosia
 e - a potion of magic


   Skills:
 + Level 3.6 Fighting
 - Level 3.8 Long Blades
 + Level 0.7 Ranged Weapons
 + Level 4.5 Dodging
 + Level 2.8 Stealth


You had 2 spell levels left.
You didn't know any spells.
Your spell library was empty.

Dungeon Overview and Level Annotations

Branches:
Dungeon (2/15)

Altars:
Dithmenos

Shops:
D:1 ?


Innate Abilities, Weirdness & Mutations

((You are very nimble when in or above water. (Stealth+, EV+, Speed+++)))
Your lower body shifts to a powerful aquatic tail in water.


Message History

You are too injured to fight recklessly!
You are too injured to fight recklessly!
You are too injured to fight recklessly!
You are too injured to fight recklessly!
You are too injured to fight recklessly!
You are too injured to fight recklessly!
You escape the ball python's grasp.
The ball python attacks as you move away!
The ball python bites you but does no damage.
The ball python misses you.
You feel sick. The ball python barely misses you. The ball python grabs you.
The ball python constricts you. The adder barely misses you.
The ball python barely misses you. The ball python constricts you.
You escape the ball python's grasp.
The adder attacks as you move away! The adder bites you but does no damage.
You feel sick. The adder closely misses you.
The goblin attacks as you move away! The goblin barely misses you.
You feel sick.
Okay, then.
It was a potion of haste.
You feel yourself speed up.
You feel sick. The ball python bites you.
* * * LOW HITPOINT WARNING * * *
The ball python closely misses you. The adder barely misses you.
The ball python barely misses you. The ball python grabs you.
The ball python constricts you.
It was a potion of invisibility.
You fade into invisibility!
The goblin hits you with a +0 dagger.
* * * LOW HITPOINT WARNING * * *
You shoot a sling bullet.
The sling bullet closely misses the ball python.
The sling bullet barely misses the ball python.
You feel sick.
You are no longer poisoned.
The ball python closely misses you. The ball python constricts you.
The adder bites you.
* * * LOW HITPOINT WARNING * * *
The goblin hits you but does no damage. The ball python completely misses you.
The ball python barely misses you. The ball python constricts you.
You die...

...##.#.####.#........#....##.§#
...........#............####§.#
........##.# #.......†.###..#
.........#.# #.........K#...#
.###..<#...####........#.§g#
.##)...#......#......).##.§#
.##..###.#.##.#.........##..#
...........##.#SSg....#..##..#
########.####.#S@.....##..##.§#
..................##÷####..##..#
########.#.##.###...>.......##..#
#........#..#.# ####.#####...##..
#.#####..#..#.# #.#######..##
#<##..#..#.# #.#........>#
##.##..#..#.# #.#.#########
#......#..#.# #.#.#
######......######.#.#


You could see an adder (unable to see you), a goblin (unable to see you) and 2
ball pythons.

Vanquished Creatures
  An adder (D:2)
  A dart slug (D:2)
  2 ball pythons
  2 bats
  2 endoplasms (D:1)
  2 giant cockroaches
  A goblin (D:2)
  3 hobgoblins
  2 jackals (D:2)
  2 frilled lizards (D:1)
  2 kobolds
20 creatures vanquished.

Vanquished Creatures (others)
  A minotaur (D:1)
  A gargoyle (D:1)
  2 elves (D:1)
  A spriggan (D:1)
  A vampire (D:1)
  A human (D:1)
  A tengu (D:1)
  A mummy (D:1)
  2 orcs (D:1)
  A kobold (D:1)
  6 tentacles (D:1)
18 creatures vanquished.

Grand Total: 38 creatures vanquished

Notes
Turn   | Place    | Note
-------+----------+-------------------------------------------
     0 | D:1      | purpskrrrp the Merfolk Monk began the quest for the Orb.
     0 | D:1      | Reached XP level 1. HP: 18/18 MP: 1/1
     0 | D:1      | Noticed an elf
     0 | D:1      | Noticed a vampire
     0 | D:1      | Noticed a minotaur
     0 | D:1      | Noticed an elf
     0 | D:1      | Noticed a kraken
     0 | D:1      | Noticed a human
     0 | D:1      | Noticed a tengu
     0 | D:1      | Noticed a gargoyle
     0 | D:1      | Noticed a spriggan
     3 | D:1      | Killed a vampire
     8 | D:1      | Killed a human
    10 | D:1      | Killed a tengu
    11 | D:1      | Killed a gargoyle
    13 | D:1      | Killed an elf
    13 | D:1      | Killed an elf
    13 | D:1      | Killed a spriggan
    14 | D:1      | Killed a minotaur
   400 | D:1      | Reached XP level 2. HP: 24/24 MP: 0/2
   462 | D:1      | Found a faded altar of an unknown god.
   481 | D:1      | Found Dush's Magic Scroll Boutique.
   605 | D:1      | Prayed at the altar of an unknown god.
   605 | D:1      | Became a worshipper of Dithmenos the Shadowed
   605 | D:1      | Reached * piety under Dithmenos
   605 | D:1      | Reached ** piety under Dithmenos
   718 | D:2      | Reached *** piety under Dithmenos
   744 | D:2      | Reached XP level 3. HP: 26/29 MP: 1/3
   955 | D:2      | HP: 1/30 [adder (4)]
   955 | D:2      | Constricted to death by a ball python

Illustrated notes

Levels and vault maps discovered:
D:1:      nicolae_arrival_kraken_aquarium_a, layout_loops_cross, serial_shops,
          shop_statue, dreamdust_ecumenical_altar_grove
D:2:      minmay_alternating_diamond, layout_basic

Action                   || total
-------------------------++-------
Melee: Long sword        ||     6
 Fire: Sling             ||    70
  Use: Scroll            ||     2
       Potion            ||     2
 Stab: Sleeping          ||     3
Armor: Robe              ||    13
Dodge: Dodged            ||    56

Table legend: (Time is in decaauts)
 A = Elapsed time spent in this place.
 B = Non-inter-level travel time spent in this place.
 C = Inter-level travel time spent in this place.
 D = Time resting spent in this place.
 E = Time spent auto-exploring this place.
 F = Levels seen in this place.
 G = Mean time per level.
                   A        B        C        D        E       F      G
               +--------+--------+--------+--------+--------+-----+--------+
         Total |    981 |    970 |     11 |    112 |    638 |   2 |  490.5 |
       Dungeon |    981 |    970 |     11 |    112 |    638 |   2 |  490.5 |
               +--------+--------+--------+--------+--------+-----+--------+

Top non-repeatable levels by time:
     D:1: 625 daAuts
     D:2: 355 daAuts
